Map: Hecate LE

Players

ShinRamen

  • Race: Terran Terran
  • League: Master
  • Spawn Location: 7:00

TraderJoe - Winner!

  • Race: Protoss Protoss
  • League: Master
  • Spawn Location: 1:00

VOD

Have the link to the VOD?

Description

Time

  • Played on: Jan. 29, 2024, 5:48 p.m.
  • Length: 8:24
Show
View Real Time Build Order
Export as new Build Order

ShinRamen Terran 

Build Orders: Reaper Expand 

Get SALT Encoding   

  12  0:00  SCV  
  13  0:14  SCV  
  13  0:17  Supply Depot  
  14  0:26  SCV  
  15  0:38  SCV  
  15  0:40  Barracks  
  16  0:46  Refinery  
  16  0:51  SCV  
  17  1:03  SCV  
  18  1:15  SCV  
  19  1:27  Orbital Command  
  19  1:30  Reaper  
  20  1:43  Command Center  
  20  1:52  Supply Depot  
  20  1:55  SCV  
  21  2:03  Marine  
  22  2:15  Bunker, SCV  
  23  2:17  Factory  
  23  2:23  Refinery  
  23  2:24  Barracks Reactor  
  23  2:29  SCV  
  24  2:44  SCV  
  25  3:03  Marine  
  25  3:05  Widow Mine  
  27  3:07  Starport  
  27  3:12  Marine  
  26  3:13  SCV  
  26  3:19  Barracks  
  28  3:24  Marine  
  28  3:25  SCV  
  30  3:33  Marine  
  31  3:40  SCV, Widow Mine  
  34  3:41  Orbital Command  
  34  3:43  Medivac  
  34  3:47  Marine  
  37  3:51  Supply Depot  
  37  3:53  SCV  
  37  3:54  Marine  
  39  4:01  Factory Tech Lab  
  39  4:05  SCV  
  39  4:06  Refinery  
  39  4:07  SCV  
  39  4:08  Marine x2  
  43  4:16  Starport Tech Lab  
  42  4:23  SCV  
  43  4:24  Supply Depot  
  43  4:25  Siege Tank  
  43  4:28  SCV  
  43  4:30  Barracks  
  46  4:35  SCV  
  47  4:41  Marine x3  
  47  4:42  Interference Matrix  
  52  4:45  Raven  
  52  4:49  SCV  
  52  4:51  SCV  
  54  4:57  Supply Depot  
  54  5:02  SCV  
  54  5:03  SCV  
  54  5:04  Marine  
  57  5:10  Marine  
  57  5:14  SCV  
  55  5:15  Marine  
  54  5:22  Marine  
  54  5:26  Engineering Bay  
  54  5:27  Siege Tank  
  58  5:30  SCV  
  58  5:35  Supply Depot  
  59  5:37  SCV  
  60  5:42  SCV  
  60  5:45  Marine x3  
  60  5:46  Stimpack  
  60  5:48  Starport Reactor  
  64  5:51  Marauder  
  64  5:54  SCV  
  64  5:55  SCV  
  68  6:03  Marine  
  66  6:06  Marine  
  66  6:07  SCV  
  64  6:12  Marauder  
  64  6:17  SCV  
  67  6:20  Marine  
  67  6:24  SCV  
  68  6:29  SCV  
  68  6:30  Refinery  
  68  6:32  Combat Shield, Factory Reactor  
  69  6:33  Marauder  
  69  6:34  Marauder  
  69  6:35  Medivac x2  
  69  6:36  SCV  
  78  6:40  Supply Depot  
  78  6:59  Supply Depot  
  78  7:01  Marine x2  
  78  7:02  Marauder x2, SCV x2  
  86  7:09  Supply Depot  
  86  7:15  SCV, Medivac x2  
  91  7:16  SCV  
  91  7:19  Marine x2  
  94  7:23  Marauder  
  94  7:24  Marine  
  94  7:26  Concussive Shells  
  94  7:27  SCV  
  94  7:28  SCV  
  99  7:35  Supply Depot  
  99  7:37  Marine  
  99  7:39  Command Center, SCV  
  99  7:42  Marauder, SCV  
  104  7:44  Marine  
  104  7:45  Marauder  
  104  7:51  SCV, Supply Depot  
  108  7:54  SCV  
  108  7:55  Marine  
Show
View Real Time Build Order
Export as new Build Order

TraderJoe Protoss - Winner!

Build Orders: 1 Gate Expand, Blink Stalkers 

Get SALT Encoding   

  12  0:01  Probe  
  13  0:13  Probe  
  14  0:17  Pylon  
  14  0:25  Probe  
  15  0:37  Gateway, Probe  
  16  0:46  Assimilator  
  16  0:49  Probe (Chrono Boost)  
  17  0:59  Probe (Chrono Boost)  
  18  1:04  Probe (Chrono Boost)  
  19  1:15  Probe  
  20  1:24  Cybernetics Core  
  20  1:35  Nexus  
  20  1:40  Pylon  
  20  1:44  Probe  
  21  1:52  Assimilator  
  21  1:56  Probe  
  21  1:59  Adept (Chrono Boost)  
  22  2:03  Warp Gate  
  23  2:09  Probe  
  23  2:11  Shield Battery  
  24  2:21  Probe  
  24  2:22  Adept  
  27  2:33  Probe (Chrono Boost)  
  27  2:36  Twilight Council  
  29  2:45  Probe (Chrono Boost)  
  29  2:51  Probe (Chrono Boost)  
  29  2:57  Probe  
  31  2:59  Probe  
  32  3:10  Blink (Chrono Boost), Probe (Chrono Boost)  
  32  3:11  Probe (Chrono Boost)  
  34  3:13  Gateway  
  34  3:23  Probe (Chrono Boost)  
  36  3:27  Probe (Chrono Boost)  
  36  3:30  Probe (Chrono Boost)  
  36  3:31  Gateway  
  36  3:33  Probe  
  38  3:39  Probe  
  39  3:45  Robotics Facility, Probe  
  40  3:51  Probe  
  40  3:55  Stalker  
  43  3:57  Probe  
  43  4:01  Gateway  
  44  4:02  Pylon  
  44  4:04  Probe  
  44  4:09  Probe  
  46  4:20  Probe  
  47  4:28  Stalker x3, Probe  
  54  4:36  Gateway  
  54  4:41  Forge, Pylon  
  54  4:52  Pylon  
  54  4:56  Nexus  
  54  4:57  Charge  
  54  4:59  Observer  
  55  5:00  Probe  
  56  5:13  Stalker x3  
  56  5:15  Probe (Chrono Boost)  
  56  5:18  Probe (Chrono Boost)  
  58  5:24  Protoss Ground Weapons Level 1 (Chrono Boost)  
  58  5:26  Probe (Chrono Boost)  
  60  5:29  Pylon  
  60  5:30  Probe (Chrono Boost)  
  60  5:31  Probe (Chrono Boost)  
  61  5:41  Probe (Chrono Boost)  
  63  5:43  Probe (Chrono Boost)  
  63  5:46  Gateway  
  63  5:47  Gateway  
  64  5:51  Probe (Chrono Boost)  
  64  5:53  Probe (Chrono Boost)  
  65  5:57  Gateway  
  65  5:59  Gateway  
  65  6:01  Probe  
  65  6:03  Probe  
  63  6:13  Probe  
  63  6:15  Probe  
  64  6:23  Gateway, Zealot x3  
  64  6:25  Gateway, Probe x2  
  71  6:28  Pylon  
  71  6:31  Immortal (Chrono Boost)  
  72  6:38  Forge  
  77  6:40  Probe (Chrono Boost)  
  77  6:43  Probe (Chrono Boost)  
  79  6:48  Probe (Chrono Boost)  
  79  6:49  Gateway x2  
  79  6:52  Zealot, Probe (Chrono Boost)  
  79  6:53  Zealot, Probe (Chrono Boost)  
  85  6:58  Shield Battery  
  85  7:03  Immortal (Chrono Boost)  
  85  7:07  Zealot x2  
  93  7:11  Pylon  
  93  7:14  Zealot  
  95  7:15  Zealot  
  95  7:22  Pylon  
  97  7:26  Zealot x2  
  101  7:32  Pylon  
  101  7:34  Zealot x3  
  107  7:37  Zealot  
  107  7:42  Zealot x2  
  113  7:45  Zealot x2  
  113  7:50  Pylon  
  117  7:58  Dark Shrine  
  117  8:00  Zealot x4  
  103  8:18  Zealot x4  
  103  8:19  Zealot x4  
  115  8:22  Pylon  
Tags
 
Add a new tag
Caveats
  • Supply blocks, unpowered buildings, or Contaminate may cause inaccurate times.
  • Supply counts are checked every 10 seconds.